 Dungeon Crawl Stone Soup version 0.19.5 (webtiles) character file.

389 Santreim the Shield-Bearer (level 6, -7/56 HPs)
             Began as a Minotaur Fighter on Mar 13, 2017.
             Was a Follower of Trog.
             Killed from afar by a ynoxinul (9 damage)
             ... with an iron shot
             ... created by the fury of Makhleb
             ... on level 3 of the Dungeon.
             The game lasted 00:08:08 (2042 turns).

Santreim the Shield-Bearer (Minotaur Fighter)       Turns: 2042, Time: 00:08:08

Health: -7/56      AC: 12    Str: 25    XL:     6   Next: 49%
Magic:  0/5        EV:  5    Int:  5    God:    Trog [*.....]
Gold:   160        SH: 10    Dex: 12    Spells: 0 memorised, 5 levels left

rFire  . . .     SeeInvis .     a - +0 flail
rCold  . . .     Gourm    .     s - +0 plate armour (curse)
rNeg   . . .     Faith    .     r - +0 shield
rPois  .         Spirit   +     (helmet restricted)
rElec  .         Reflect  .     (no cloak)
rCorr  .         Harm     .     (no gloves)
MR     .....                    (no boots)
Stlth  ..........               w - amulet of guardian spirit
                                (no ring)
                                (no ring)

@: mighty, lethally poisoned (-7 -> -8), exhausted, slowed, very slow
A: retaliatory headbutt, horns 2
a: Berserk, Burn Spellbooks, Renounce Religion


You were on level 3 of the Dungeon.
You worshipped Trog.
Trog was aware of your devotion.
You were hungry.

You visited 1 branch of the dungeon, and saw 3 of its levels.

You collected 160 gold pieces.

Inventory:

Hand Weapons
 a - a +0 flail (weapon)
 t - a +2 short sword of venom
 y - a +0 scythe of protection
Armour
 b - a +0 scale mail
 c - a +0 shield
 g - a +0 plate armour
 i - a +0 plate armour
 r - a +0 shield (worn)
 s - a cursed +0 plate armour (worn)
 v - a +0 pair of boots
Jewellery
 w - an amulet of guardian spirit (around neck)
 x - an uncursed ring of poison resistance {unknown}
Scrolls
 n - 3 scrolls of amnesia
Potions
 e - 2 potions of magic {unknown}
 j - 2 potions of brilliance {unknown}
 l - a potion of cancellation {unknown}
 m - 2 potions of lignification {unknown}
 o - a potion of curing {unknown}
 p - a potion of flight {unknown}
 q - a potion of cure mutation {unknown}
Comestibles
 f - 2 bread rations
 h - 2 meat rations
 k - a slice of pizza
 u - 2 beef jerkies


   Skills:
 + Level 5.1 Fighting
 + Level 4.4 Maces & Flails
 + Level 5.5 Armour
 - Level 0.7 Dodging
 + Level 5.6 Shields


You had 5 spell levels left.
You didn't know any spells.

Dungeon Overview and Level Annotations

Branches:
Dungeon (3/15)

Altars:
Ashenzari
Gozag
Makhleb
Okawaru
Qazlal
Trog


Innate Abilities, Weirdness & Mutations

You reflexively headbutt those who attack you in melee.
You have a pair of horns on your head.


Message History

The adder bites you but does no damage.
The ynoxinul hits you but does no damage.
The ufetubus hits you but does no damage. x2
You aren't carrying any items that you can evoke without wielding.
Press: ? - help, v - describe, . - travel
Here: a ynoxinul (moderately wounded, durably summoned)
The floor.
Press: ? - help, v - describe, . - travel
Here: an ufetubus (summoned)
The floor.
You feel very mighty all of a sudden.
* * * LOW HITPOINT WARNING * * *
You feel sick. You block the adder's attack. You block the ufetubus's attack.
The ufetubus hits you but does no damage.
You block the ynoxinul's attack. You block the adder's attack.
The ufetubus hits you but does no damage.
The ufetubus barely misses you. The ynoxinul gestures at you.
The iron shot hits you!
You die...

#......#.#.#.#..#
#...............#
######....##....#
###.............#######
#......................
#.#.##.#....>..........
#.#.......##....#######
#.####S#####...........
#.####@# ########....
###.§.553# #....
#...§.555# #....
#......K5# ..<...
#........# .......
#........# ........
#........#### ####....
#..........<# #....
#.###########


You could see a ynoxinul, an adder, 6 ufetubi and a kobold.

Vanquished Creatures
  Sigmund (D:3)
  The ghost of Mlkhall the Digger, an amateur OpEE (D:3)
  An orc priest (D:3)
  2 adders
  3 dart slugs
  4 leopard geckos
  4 orcs (D:3)
  5 giant cockroaches
  6 goblins
  7 hobgoblins
  3 quokkas (D:2)
  8 bats
  2 frilled lizards
  7 kobolds
  8 rats
62 creatures vanquished.

Notes
Turn   | Place    | Note
-------+----------+-------------------------------------------
     0 | D:1      | Santreim the Minotaur Fighter began the quest for the Orb.
     0 | D:1      | Reached XP level 1. HP: 19/19 MP: 0/0
   127 | D:1      | Reached XP level 2. HP: 27/27 MP: 1/1
   471 | D:1      | Found an opulent altar of Gozag.
   585 | D:2      | Found a faded altar of an unknown god.
   622 | D:2      | Became a worshipper of Makhleb the Destroyer
   622 | D:2      | Reached * piety under Makhleb
   702 | D:2      | Reached XP level 3. HP: 33/33 MP: 2/2
   714 | D:2      | Found a bloodstained altar of Trog.
   723 | D:2      | Fell from the grace of Makhleb
   723 | D:2      | Became a worshipper of Trog the Wrathful
   850 | D:2      | Found a shattered altar of Ashenzari.
   850 | D:2      | Found an iron altar of Okawaru.
   850 | D:2      | Found a stormy altar of Qazlal.
  1154 | D:2      | Noticed a ynoxinul
  1219 | D:3      | Noticed Mlkhall's ghost (amateur OpEE)
  1233 | D:3      | Killed Mlkhall's ghost
  1233 | D:3      | Reached skill level 5 in Shields
  1233 | D:3      | Reached XP level 4. HP: 18/41 MP: 3/3
  1233 | D:3      | Reached XP level 5. HP: 21/47 MP: 4/4
  1811 | D:3      | Reached * piety under Trog
  1852 | D:3      | Noticed Sigmund
  1860 | D:3      | Killed Sigmund
  1860 | D:3      | Reached skill level 5 in Fighting
  1860 | D:3      | Reached skill level 5 in Armour
  1860 | D:3      | Reached XP level 6. HP: 41/56 MP: 5/5
  1979 | D:3      | Noticed a ynoxinul
  2042 | D:3      | HP: 2/56 [poisoned by an adder]
  2042 | D:3      | Killed from afar by a ynoxinul

Skill      XL: |  1  2  3  4  5 |
---------------+----------------+-----
Fighting       | 4 5 |  5.1
Shields        | 4 5 |  5.6
Armour         | 4 5 |  5.5
Maces & Flails | 3 4 |  4.4
Dodging        | |  0.7

Action                   |  1- 3 |  4- 6 || total
-------------------------+-------+-------++-------
Melee: Flail             |   137 |    57 ||   194
       Headbutt          |    17 |    10 ||    27
Invok: Burn Spellbooks   |       |     1 ||     1
       Berserk           |       |     1 ||     1
  Use: Scroll            |     4 |       ||     4
       Potion            |       |     1 ||     1
  Eat: Chunk             |     1 |     3 ||     4
Armor: Scale mail        |    30 |       ||    30
       Plate armour      |    95 |   112 ||   207
Dodge: Dodged            |    45 |    35 ||    80
Block: Shield            |   107 |    94 ||   201
